Map: Winter's Gate LE

Players

Lambo - Winner!

  • Race: Zerg Zerg
  • Spawn Location: 11:00

Rob

  • Race: Protoss Protoss
  • Spawn Location: 5:00

VOD

Have the link to the VOD?

Description

Time

  • Played on: Sept. 6, 2019, 12:49 p.m.
  • Length: 9:37
Show
View Real Time Build Order
Export as new Build Order

Lambo Zerg - Winner!

Build Orders: Hatch First, Muta Ling Bane 

Get SALT Encoding   

  12  0:00  Drone  
  13  0:12  Overlord  
  13  0:18  Drone  
  14  0:31  Drone x2  
  16  0:48  Hatchery  
  15  0:51  Drone  
  15  0:55  Drone  
  17  0:58  Drone  
  18  1:09  Extractor  
  17  1:13  Spawning Pool  
  17  1:17  Drone  
  17  1:20  Drone  
  18  1:28  Drone  
  19  1:39  Drone  
  20  1:50  Overlord  
  20  2:01  Queen x2  
  20  2:02  Zergling x4  
  26  2:15  Drone x2  
  28  2:23  Drone x2  
  30  2:34  Drone  
  30  2:35  Hatchery  
  30  2:37  Pneumatized Carapace  
  30  2:44  Drone  
  30  2:45  Drone  
  30  2:46  Overlord  
  32  2:53  Queen  
  32  2:57  Drone  
  35  2:59  Drone  
  36  3:06  Drone x2  
  36  3:12  Drone, Metabolic Boost  
  39  3:13  Drone x2  
  39  3:16  Overlord  
  41  3:20  Drone  
  42  3:29  Queen  
  44  3:35  Drone x2  
  44  3:40  Drone  
  47  3:46  Drone x3  
  47  3:47  Queen  
  47  3:48  Overlord  
  52  3:49  Drone  
  53  4:00  Spore Crawler  
  53  4:02  Drone  
  53  4:03  Spore Crawler x2, Zergling x4  
  53  4:08  Zergling x2  
  53  4:09  Queen  
  56  4:10  Drone x2  
  56  4:11  Drone  
  56  4:12  Drone  
  56  4:14  Drone  
  61  4:17  Drone x3  
  61  4:19  Drone  
  66  4:24  Roach Warren  
  66  4:25  Drone  
  66  4:28  Overlord  
  65  4:37  Spore Crawler, Lair  
  64  4:39  Overlord  
  64  4:40  Drone x2, Extractor  
  64  4:41  Extractor  
  64  4:44  Drone  
  65  4:47  Drone x2  
  65  4:48  Overlord, Drone x2  
  65  4:52  Overlord  
  69  4:56  Drone x4  
  69  4:57  Drone x2  
  74  5:00  Drone x2  
  76  5:07  Zergling x2  
  76  5:09  Drone x2  
  76  5:12  Evolution Chamber, Extractor x2  
  76  5:14  Extractor  
  76  5:16  Drone  
  76  5:20  Drone  
  79  5:23  Drone x2  
  79  5:24  Hatchery  
  79  5:25  Drone x2  
  79  5:26  Overlord  
  80  5:30  Roach x2  
  80  5:34  Roach  
  86  5:38  Overlord  
  86  5:41  Roach  
  88  5:43  Glial Reconstitution  
  88  5:45  Zerg Missile Weapons Level 1, Overlord  
  88  5:47  Overlord  
  88  5:48  Overlord  
  88  5:53  Overlord  
  88  5:54  Overlord  
  88  5:57  Roach x4  
  94  6:01  Roach x3  
  94  6:03  Drone  
  99  6:08  Spire, Ravager  
  99  6:10  Queen  
  101  6:11  Drone  
  101  6:15  Overseer  
  101  6:16  Drone x2  
  101  6:18  Zergling x4, Ravager x2  
  107  6:21  Zergling x4  
  107  6:23  Zergling x2  
  111  6:33  Drone  
  111  6:35  Baneling Nest, Zergling x18  
  111  6:39  Overlord  
  120  6:41  Zergling x6  
  120  6:46  Ravager  
  124  6:51  Queen  
  124  6:53  Drone x2  
  124  6:54  Drone x3  
  131  6:56  Queen  
  131  6:57  Drone  
  131  7:00  Drone x2  
  135  7:09  Zergling x16  
  135  7:13  Drone, Queen  
  135  7:23  Mutalisk x6  
  135  7:29  Mutalisk  
  141  7:35  Zergling x8  
  134  7:41  Centrifical Hooks  
  134  7:42  Zerg Melee Weapons Level 1  
  134  7:43  Mutalisk x4  
  142  7:45  Zergling x4  
  144  7:52  Drone x7  
  144  7:57  Infestation Pit  
  150  8:01  Zergling x2  
  150  8:04  Overlord  
  151  8:08  Overlord  
  151  8:11  Overlord  
  151  8:15  Overlord  
  151  8:19  Overlord  
  147  8:20  Roach x2  
  147  8:24  Overlord  
  147  8:25  Roach x6  
  159  8:28  Overlord  
  159  8:29  Roach x5  
  159  8:33  Roach x2  
  172  8:37  Roach x6  
  182  8:43  Roach x2  
  182  8:46  Baneling x15  
  179  8:49  Roach x2  
  179  8:53  Roach x3  
  187  8:58  Zergling x6  
  178  9:04  Zergling x14  
  178  9:09  Zergling x2, Roach x4  
  194  9:16  Zergling x2  
  194  9:17  Zergling x2  
Show
View Real Time Build Order
Export as new Build Order

Rob Protoss 

Build Orders: 1 Gate Expand, Oracle Opening, Phoenix Opening, Archon Immortal 

Get SALT Encoding   

  12  0:00  Probe  
  13  0:13  Probe  
  14  0:25  Pylon, Probe  
  15  0:39  Probe  
  15  0:44  Gateway  
  15  0:47  Probe  
  16  0:52  Assimilator  
  17  0:57  Probe  
  18  1:09  Probe  
  19  1:21  Probe  
  20  1:30  Nexus  
  20  1:37  Probe  
  20  1:38  Cybernetics Core  
  21  1:44  Assimilator  
  21  1:45  Probe  
  21  1:52  Pylon  
  21  1:53  Probe  
  23  2:06  Adept  
  23  2:10  Probe  
  24  2:16  Warp Gate  
  24  2:22  Probe  
  26  2:34  Probe  
  26  2:36  Adept  
  29  2:39  Probe  
  29  2:41  Stargate  
  30  2:46  Probe  
  30  2:47  Probe  
  32  2:57  Probe  
  32  2:58  Probe  
  34  3:09  Probe, Stalker  
  34  3:10  Probe  
  38  3:14  Assimilator  
  38  3:16  Pylon, Assimilator  
  38  3:20  Phoenix  
  38  3:21  Probe  
  38  3:22  Probe  
  38  3:25  Gateway  
  40  3:33  Probe  
  43  3:35  Probe  
  43  3:39  Oracle  
  44  3:45  Probe  
  44  3:47  Probe  
  49  3:58  Probe  
  49  3:59  Probe  
  51  4:07  Pylon  
  51  4:10  Probe  
  51  4:11  Gateway, Probe  
  51  4:15  Oracle, Gateway  
  53  4:25  Sentry x2  
  53  4:26  Probe  
  53  4:27  Probe  
  62  4:35  Robotics Facility  
  62  4:36  Pylon  
  62  4:47  Nexus  
  62  4:52  Oracle, Nexus  
  62  4:54  Probe x2  
  64  5:03  Sentry  
  64  5:05  Pylon  
  69  5:07  Probe  
  69  5:12  Shield Battery  
  70  5:16  Pylon  
  70  5:23  Probe  
  70  5:25  Forge, Twilight Council  
  70  5:27  Probe  
  72  5:31  Immortal  
  72  5:32  Sentry  
  72  5:33  Sentry x2  
  78  5:36  Probe  
  84  5:42  Probe  
  84  5:43  Charge  
  84  5:47  Protoss Ground Weapons Level 1  
  84  5:55  Probe x2  
  86  6:06  Probe  
  86  6:07  Probe  
  86  6:08  Probe  
  86  6:11  Immortal  
  93  6:15  Gateway  
  93  6:17  Gateway  
  93  6:22  Probe  
  93  6:23  Probe x2  
  96  6:28  Adept  
  98  6:33  Templar Archives  
  98  6:36  Pylon, Probe x3  
  98  6:38  Assimilator  
  101  6:41  Assimilator  
  101  6:47  Pylon  
  101  6:50  Probe  
  101  6:54  Probe x2  
  101  6:56  Immortal  
  101  6:59  Pylon  
  107  7:02  Pylon  
  107  7:06  Probe x3  
  110  7:12  Zealot x3  
  116  7:16  Pylon x2  
  116  7:17  Pylon  
  116  7:27  Zealot  
  116  7:28  Zealot x2  
  116  7:29  Immortal  
  117  7:34  Psionic Storm, Probe x2  
  117  7:36  Nexus  
  110  7:43  Robotics Facility  
  114  7:49  High Templar x4  
  122  7:54  Pylon  
  122  7:59  Dark Shrine  
  122  8:01  Zealot  
  124  8:11  Photon Cannon x2  
  124  8:12  Shield Battery, Photon Cannon  
  124  8:13  Photon Cannon  
  117  8:20  Zealot  
  117  8:25  Archon  
  117  8:26  Archon  
  105  8:27  Zealot x4  
  105  8:33  Zealot  
  95  8:42  Stargate x2  
  82  8:57  Zealot x3  
  85  9:08  Zealot  
  75  9:36  High Templar x4  
Tags
 
Add a new tag
Caveats
  • Supply blocks, unpowered buildings, or Contaminate may cause inaccurate times.
  • Supply counts are checked every 10 seconds.